 Seeded DCSS version 0.31-a0-219-g8d62b2e7bb (webtiles) character file.

Game seed: 13275427502194390118 (custom seed)

102 rocky1 the Chiller (level 4, -2/32 HPs)
             Began as a Merfolk Ice Elementalist on July 4, 2023.
             Slain by Natasha (9 damage)
             ... on level 2 of the Dungeon.
             The game lasted 00:04:18 (1244 turns).

rocky1 the Chiller (Merfolk Ice Elementalist)       Turns: 1244, Time: 00:04:19

Health: -2/32      AC:  2    Str:  8    XL:     4   Next: 78%
Magic:  6/8        EV: 12    Int: 16    God:
Gold:   30         SH:  0    Dex: 14    Spells: 7/8 levels left

rFire   + . .        (no weapon)
rCold   + . .        (no shield)
rNeg    . . .        b - +0 robe {rC+ rF+}
rPois   .            (no helmet)
rElec   .            (no cloak)
rCorr   .            (no gloves)
SInv    .            (no boots)
Will    .....        (no amulet)
Stlth   ++           (no ring)
HPRegen 0.25/turn    (no ring)
MPRegen 0.11/turn

%: no passive effects
@: no status effects
A: (nimble swimmer 2), mertail
a: no special abilities


You were on level 2 of the Dungeon.
You visited 1 branch of the dungeon, and saw 2 of its levels.

You collected 30 gold pieces.

Inventory:

Missiles
 h - 3 boomerangs (quivered)
Armour
 a - a +0 robe
 b - a +0 robe of resistance (worn)
Jewellery
 c - a +6 ring of strength
Scrolls
 d - a scroll of teleportation {unknown}
 f - a scroll of silence {unknown}
 g - a scroll of summoning {unknown}
 i - a scroll of fear {unknown}
 j - a scroll of fog {unknown}


   Skills:
 * Level 1.2 Fighting
 * Level 0.8 Long Blades
 + Level 2.7 Dodging
 - Level 2.1 Stealth
 + Level 2.8 Spellcasting
 * Level 5.7 Ice Magic


You had 7 spell levels left.
You knew the following spells:

 Your Spells              Type           Power      Damage    Failure   Level
a - Freeze                Ice            80%        1d9       1%          1

Your spell library contained the following spells:

 Spells                   Type           Power      Damage    Failure   Level
 Frozen Ramparts          Ice            40%        1d7       5%          3
 Ozocubu's Armour         Ice            20%        N/A       5%          3
 Summon Ice Beast         Ice/Summ       11%        N/A       52%         4
 Metabolic Englaciation   Hex/Ice        5%         N/A       86%         5
 Simulacrum               Ice/Necr       5%         N/A       100%        6


Dungeon Overview and Level Annotations

Branches:
Dungeon (2/15)

Altars:

Shops:
D:1 :==[

Annotations:
D:2 Natasha


Innate Abilities, Weirdness & Mutations

((You are very nimble when in or above water. (Stealth+, EV+, Speed+++)))
Your lower body shifts to a powerful aquatic tail in water.


Message History

You see here the felid corpse of Natasha.
Natasha hisses angrily.
Natasha claws you.
Casting: Freeze (safe; 1% risk of failure)
Confirm with . or Enter, or press ? or * to list all spells.
Aiming: Freeze (safe; 1% risk of failure)
Press: ? - help, Shift-Dir - straight line, f - Natasha
Aim: Natasha You freeze Natasha.
Natasha is moderately wounded.
Natasha closely misses you.
Casting: Freeze (safe; 1% risk of failure)
Confirm with . or Enter, or press ? or * to list all spells.
Aiming: Freeze (safe; 1% risk of failure)
Press: ? - help, Shift-Dir - straight line, f/p - Natasha
Aim: Natasha (moderately wounded)
You freeze Natasha!
Natasha is severely wounded.
Natasha stares at you and mumbles some strange words.
The magic dart hits you.
Sorry, you're not good enough to have a special ability.
Casting: Freeze (safe; 1% risk of failure)
Confirm with . or Enter, or press ? or * to list all spells.
Okay, then.
Throw: 3 boomerangs
Press: ? - help, Q - select action, (/) - cycle Shift-Dir - straight line, f/p - Natasha
Aim: Natasha (severely wounded, 50% to hit)
You throw a boomerang. The boomerang hits Natasha.
Natasha is almost dead.
Natasha closely misses you.
Throw: 3 boomerangs
Press: ? - help, Q - select action, (/) - cycle Shift-Dir - straight line, f/p - Natasha
Aim: Natasha (almost dead, 50% to hit)
You throw a boomerang.
The boomerang hits Natasha but does no damage.
Natasha is almost dead.
Natasha claws you.
* * * LOW HITPOINT WARNING * * *
Natasha claws you!
You die...

# #.#.##.###........ ###
#)#......#........
..###.####†#.#...##.#.
#..........#.#.### # #
......###..#...### .#.#
...<..###........##...##
.......................#
........##.####..h......
......#......†..@..(....
......####.####........#
.#..... ...# ##.#####.#
##... (.. #.# # .... ...
#.# ##. .. ..# . .## ##.
. ..#


You could see Natasha.

Vanquished Creatures
  Jessica (D:2)
  Natasha (twice) (D:2)
  A worm (D:2)
  A dart slug (D:2)
  4 bats
  2 giant cockroaches
  2 goblins (D:1)
  4 kobolds
  2 quokkas
  2 ball pythons
  A frilled lizard (D:2)
  A rat (D:1)
23 creatures vanquished.

Notes
Turn   | Place    | Note
-------+----------+-------------------------------------------
     0 | D:1      | rocky1 the Merfolk Ice Elementalist began the quest for the
                  | Orb.
     0 | D:1      | Reached XP level 1. HP: 13/13 MP: 3/3
    10 | D:1      | Found Onlezats's Jewellery Emporium.
   324 | D:1      | Found Zyuqykanwy's Book Shop.
   455 | D:1      | Found Obocek's Jewellery Boutique.
   458 | D:1      | Reached XP level 2. HP: 18/20 MP: 1/5
   659 | D:1      | Found Saufiugh's Armour Emporium.
   738 | D:2      | Noticed Jessica
   750 | D:2      | Killed Jessica
   751 | D:2      | Reached skill level 1 in Fighting
   751 | D:2      | Reached skill level 5 in Ice Magic
   751 | D:2      | Reached XP level 3. HP: 3/26 MP: 4/6
  1024 | D:2      | Noticed Natasha
  1029 | D:2      | Killed Natasha
  1030 | D:2      | Reached XP level 4. HP: 17/32 MP: 3/7
  1143 | D:2      | Noticed Natasha
  1156 | D:2      | Killed Natasha
  1236 | D:2      | Noticed Natasha
  1244 | D:2      | Slain by Natasha

Illustrated notes

Levels and vault maps discovered:
D:1:      erik_arrival_blinker_ship, layout_loops_ring, serial_shops, shop,
          shop, shop, nicolae_shop_rolling_square
D:2:      layout_rooms, ebering_ecumenical_altar_hall, basic_altar,
          uniq_natasha, uniq_jessica

Skill      XL: |  1  2 |
---------------+-------+-----
Fighting       | 1 |  1.2
Ice Magic      | 5 |  5.7
Long Blades    | |  0.8
Dodging        | |  2.7
Stealth        | |  2.1
Spellcasting   | |  2.8

Action                     |  1- 3 |  4- 6 || total
---------------------------+-------+-------++-------
  Melee: Unarmed           |     2 |     2 ||     4
  Throw: Javelin           |       |     4 ||     4
         Boomerang         |       |     4 ||     4
   Cast: Freeze            |    27 |    16 ||    43
    Use: Potion            |     1 |       ||     1
 Armour: Robe              |     3 |     3 ||     6
  Dodge: Dodged            |    25 |    18 ||    43

Table legend: (Time is in decaauts)
 A = Elapsed time spent in this place.
 B = Non-inter-level travel time spent in this place.
 C = Inter-level travel time spent in this place.
 D = Time resting spent in this place.
 E = Time spent auto-exploring this place.
 F = Levels seen in this place.
 G = Mean time per level.
                   A        B        C        D        E       F      G
               +--------+--------+--------+--------+--------+-----+--------+
         Total |   1252 |   1235 |     17 |    391 |    621 |   2 |  626.0 |
       Dungeon |   1252 |   1235 |     17 |    391 |    621 |   2 |  626.0 |
               +--------+--------+--------+--------+--------+-----+--------+

Top non-repeatable levels by time:
     D:1: 923 daAuts
     D:2: 329 daAuts
